 Dungeon Crawl Stone Soup version 0.30-a0-585-g93115170b9 (webtiles) character file.

Game seed: 10246261332267621876

70 bande the Covered (level 4, -2/29 HPs)
             Began as a Gargoyle Fighter on Jan 3, 2023.
             Slain by a gnoll
             ... wielding a +0 whip
              (5 damage)
             ... on level 2 of the Dungeon.
             The game lasted 00:02:49 (1927 turns).

bande the Covered (Gargoyle Fighter)                Turns: 1927, Time: 00:02:49

Health: -2/29      AC: 13    Str: 20    XL:     4   Next: 22%
Magic:  4/4        EV:  7    Int:  8    God:
Gold:   121        SH:  6    Dex: 11    Spells: 3/3 levels left

rFire   . . .      SeeInvis .    a - +0 war axe
rCold   . . .      Faith    .    b - +2 buckler
rNeg    + . .      Spirit   .    l - +0 chain mail
rPois   ∞          Reflect  .    (no helmet)
rElec   +          Harm     .    (no cloak)
rCorr   .          Rampage  .    (no gloves)
Will    .....                    (no boots) Stlth
                                 (no amulet)
HPRegen 0.24/turn                (no ring)
MPRegen 0.09/turn                (no ring)

@: no status effects
A: sickness immunity, AC +3, negative energy resistance 1, electricity
resistance, torment resistance 1, petrification resistance
a: no special abilities


You were on level 2 of the Dungeon.
You visited 1 branch of the dungeon, and saw 3 of its levels.

You collected 121 gold pieces.

Inventory:

Hand Weapons
 a - a +0 war axe (weapon)
 o - a +0 flail
Armour
 b - a +2 buckler (worn)
 l - a +0 chain mail (worn)
Scrolls
 c - a scroll of poison {unknown}
 e - 3 scrolls of identify {unknown}
 f - a scroll of magic mapping {unknown}
 j - a scroll of enchant armour {unknown}
 k - a scroll of fog {unknown}
 m - a scroll of immolation {unknown}
 n - a scroll of blinking {unknown}
Potions
 d - a potion of might
 g - 3 potions of brilliance {unknown}
 h - 3 potions of curing {unknown}
 i - 2 potions of attraction {unknown}


   Skills:
 + Level 3.8 Fighting
 + Level 2.7 Axes
 + Level 3.9 Armour
 - Level 0.5 Stealth
 + Level 3.6 Shields


You had 3 spell levels left.
You didn't know any spells.
Your spell library contained the following spells:

 Spells                   Type           Power      Damage    Failure   Level
 Poisonous Vapours        Pois/Air       0%         N/A       100%        2
 Mephitic Cloud           Conj/Pois/Air  0%         N/A       100%        3
 Cigotuvi's Dreadful Rot  Necr/Pois/Air  Unusable   N/A       N/A         2

Dungeon Overview and Level Annotations

Branches:
Dungeon (3/15)

Altars:


Innate Abilities, Weirdness & Mutations

You are immune to sickness and miasma.
Your stone body is resilient. (AC +3)
You are immune to poison.
You resist negative energy. (rN+)
You are resistant to electric shocks. (rElec)
You are resistant to unholy torment.
You are immune to petrification.


Message History

You barely miss the gnoll.
The gnoll is severely wounded.
You hit the gnoll. The gnoll hits you with a +0 flail.
The gnoll hits you but does no damage.
Unknown command.
You barely miss the gnoll.
The gnoll is heavily wounded.
You hit the gnoll but do no damage. The gnoll hits you with a +0 flail.
The gnoll hits you with a +0 whip. The gnoll hits you with a +0 flail.
The gnoll hits you with a +0 whip.
You hit the gnoll but do no damage.
The gnoll is severely wounded.
You hit the gnoll. The gnoll barely misses you.
The gnoll hits you but does no damage.
Unknown command.
You barely miss the gnoll.
The gnoll is severely wounded.
You barely miss the gnoll. You block the gnoll's attack.
The gnoll hits you with a +0 whip. The gnoll hits you but does no damage.
You block the gnoll's attack.
Unknown command.
You hit the gnoll.
The gnoll is almost dead.
You barely miss the gnoll. The gnoll hits you but does no damage.
The gnoll hits you with a +0 whip.
* * * LOW HITPOINT WARNING * * *
Unknown command.
You slash the gnoll!
You kill the gnoll!
You barely miss the gnoll. The gnoll hits you but does no damage.
The gnoll hits you with a +0 whip.
* * * LOW HITPOINT WARNING * * *
Things that are here:
a +0 flail; a gnoll corpse The gnoll hits you but does no damage.
There is a stone staircase leading down here.
You hit the gnoll.
The gnoll is almost dead.
The gnoll hits you with a +0 whip.
You die...

#)..........# #.#########.# #.#
#.# #.# #######.# ### #.#
#.......# ..# #.###.#####.# #.#
#.#.(...# #.# #.# #.#)###.###.#
#.# #.g@# #.....# #.#
###.###.###.# #.### #.....# #.#
#.#.## ###.### #.#
#....#############.# #.# ######
#.........÷........# ##.###.....
##...##################∩..##.####
###.#######....)........._...#
............#.#.#######⌠..#####


You could see a gnoll.

Vanquished Creatures
  2 gnolls (D:2)
  5 endoplasms
  3 giant cockroaches (D:1)
  3 goblins
  4 hobgoblins
  5 quokkas
  4 ball pythons
  5 bats
  3 frilled lizards
  6 kobolds
  4 rats (D:1)
44 creatures vanquished.

Notes
Turn   | Place    | Note
-------+----------+-------------------------------------------
     0 | D:1      | bande the Gargoyle Fighter began the quest for the Orb.
     0 | D:1      | Reached XP level 1. HP: 14/14 MP: 1/1
   238 | D:1      | Reached XP level 2. HP: 19/19 MP: 2/2
   639 | D:1      | Reached XP level 3. HP: 24/24 MP: 3/3
   870 | D:2      | Identified the +1 robe of Viaf {Int+4}
  1081 | D:2      | Found a faded altar of an unknown god.
  1610 | D:2      | Reached XP level 4. HP: 6/29 MP: 4/4
  1927 | D:2      | Slain by a gnoll

Illustrated notes

Levels and vault maps discovered:
D:1:      dpeg_arrival_rooms_with_view, layout_basic
D:2:      layout_loops_ring, ebering_ecumenical_altar_abandoned
D:3:      layout_loops_ring, lemuel_crystal_altar

Skill      XL: |  1  2 |
---------------+-------+-----
Axes           | 2 |  2.7
Fighting       | |  3.8
Armour         | |  3.9
Stealth        | |  0.5
Shields        | |  3.6

Action                   |  1- 3 |  4- 6 || total
-------------------------+-------+-------++-------
Melee: War axe           |   117 |    11 ||   128
Armor: Scale mail        |    45 |       ||    45
       Chain mail        |    36 |    12 ||    48
Dodge: Dodged            |    52 |     9 ||    61
Block: Buckler           |    31 |     3 ||    34

Table legend: (Time is in decaauts)
 A = Elapsed time spent in this place.
 B = Non-inter-level travel time spent in this place.
 C = Inter-level travel time spent in this place.
 D = Time resting spent in this place.
 E = Time spent auto-exploring this place.
 F = Levels seen in this place.
 G = Mean time per level.
                   A        B        C        D        E       F      G
               +--------+--------+--------+--------+--------+-----+--------+
         Total |   1982 |   1774 |    208 |    294 |   1061 |   3 |  660.7 |
       Dungeon |   1982 |   1774 |    208 |    294 |   1061 |   3 |  660.7 |
               +--------+--------+--------+--------+--------+-----+--------+

Top non-repeatable levels by time:
     D:2: 1064 daAuts
     D:1: 892 daAuts
     D:3: 25 daAuts
